 Dungeon Crawl Stone Soup version 0.29-a0-490-g77b3608bb8 (webtiles) character file.

Game seed: 1286973873952137917

2312 croobank the Covert (level 9, -5/74 HPs)
             Began as a Gnoll Delver on May 27, 2022.
             Slain by a killer bee (8 damage)
             ... on level 7 of the Dungeon.
             The game lasted 00:24:35 (7148 turns).

croobank the Covert (Gnoll Delver)                  Turns: 7148, Time: 00:24:35

Health: -5/74      AC:  4    Str: 11    XL:     9   Next: 41%
Magic:  15/15      EV: 14    Int: 15    God:
Gold:   344        SH:  0    Dex: 13    Spells: 6/16 levels left

rFire   . . .      SeeInvis .   a - +3 woodcutter's axe {vorpal}
rCold   . . .      Faith    .   (shield currently unavailable)
rNeg    . . .      Spirit   .   E - +0 leather armour
rPois   .          Reflect  .   (no helmet)
rElec   +          Harm     .   (no cloak)
rCorr   +          Rampage  .   r - +0 pair of gloves
Will    ++...                   (no boots)
Stlth   +++.......              (no amulet)
HPRegen 0.22/turn               s - ring of Bahou {Ice rElec Will++ rCorr Stlth-}
MPRegen 0.14/turn               k - ring of fire

@: lethally poisoned (-5 -> -9), about to teleport
A: fangs 1, strong nose, distributed training
a: no special abilities


You were on level 7 of the Dungeon.
You visited 1 branch of the dungeon, and saw 7 of its levels.

You collected 344 gold pieces.

Inventory:

Hand Weapons
 a - the +3 woodcutter's axe (weapon) {vorpal}
   (You found it on level 2 of the Dungeon)

   It inflicts extra damage upon your enemies.
 b - a +0 hunting sling
 d - a +0 hand axe
 e - a +1 dagger of flaming
 f - a +0 falchion
 h - a +0 war axe
 m - a +2 vorpal spear
 n - a +2 whip of draining
 q - a +2 club
 t - a +0 halberd
 z - a +1 flail of protection
 F - a +0 scythe
 I - the +10 spear of the Summoning Ass {drain, rF+ Dex+2}
   (You took it off an orc on level 4 of the Dungeon)

   A truly terrible weapon, it drains the life of any living foe it strikes.
   Dex:       It affects your dexterity (+2).
   rF:        It protects you from fire.
 J - a +1 dagger of protection
 N - the +7 trident of War {freeze, *Rage rCorr Str+3}
   (You found it on level 5 of the Dungeon)

   It freezes those it strikes, dealing additional cold damage.
   It can also slow down cold-blooded creatures.
   Str:       It affects your strength (+3).
   *Rage:     It berserks you when you make melee attacks (+20% chance).
   rCorr:     It protects you from acid and corrosion.
 P - a +2 falchion of pain
Missiles
 i - 199 stones (quivered)
 o - 14 poisoned darts
 p - 6 silver boomerangs
Armour
 l - a +0 chain mail
 r - a +0 pair of gloves (worn)
 u - a +0 ring mail
 E - a +0 leather armour (worn)
Jewellery
 k - a ring of fire (right hand)
 s - the ring of Bahou (left hand) {Ice rElec Will++ rCorr Stlth-}
   (You found it on level 2 of the Dungeon)

   [ring of ice]

   It enhances your ice magic.
   rF:        It makes you vulnerable to fire.
   rC:        It protects you from cold.
   rElec:     It insulates you from electricity.
   rCorr:     It protects you from acid and corrosion.
   Will:      It greatly increases your willpower.
   Stlth:     It makes you less stealthy.
 B - a +6 ring of dexterity
 M - a ring of protection from cold
Wands
 g - a wand of digging (2)
 v - a wand of iceblast (8)
Scrolls
 c - 2 scrolls of fog
 j - 4 scrolls of identify
 x - a scroll of noise
 G - a scroll of teleportation
 H - 2 scrolls of torment
 L - a scroll of vulnerability
 O - 3 scrolls of immolation
 Q - a scroll of poison
Potions
 w - 3 potions of mutation
 A - 2 potions of flight
 C - a potion of resistance
 D - 2 potions of curing
 K - 2 potions of haste
 R - 2 potions of attraction {unknown}


   Skills:
 + Level 7.9 Fighting
 + Level 4.2 Short Blades
 + Level 4.2 Long Blades
 + Level 6.3 Axes
 + Level 4.2 Maces & Flails
 + Level 4.2 Polearms
 + Level 4.2 Staves
 + Level 4.2 Slings
 + Level 4.2 Bows
 + Level 4.2 Crossbows
 + Level 4.2 Throwing
 + Level 4.2 Armour
 + Level 6.3 Dodging
 + Level 10.5 Stealth
 + Level 4.2 Shields
 + Level 4.2 Unarmed Combat
 + Level 4.2 Spellcasting
 + Level 3.4 Conjurations
 + Level 3.4 Hexes
 + Level 3.4 Summonings
 + Level 3.4 Necromancy
 + Level 3.4 Translocations
 + Level 3.4 Transmutations
 + Level 3.4 Fire Magic
 + Level 3.4 Ice Magic
 + Level 3.4 Air Magic
 + Level 3.4 Earth Magic
 + Level 3.4 Poison Magic
 + Level 4.6 Invocations
 + Level 4.2 Evocations


You had 6 spell levels left.
You knew the following spells:

 Your Spells              Type           Power      Damage    Failure   Level
a - Searing Ray           Conj           26%        2d5       9%          2
b - Fulminant Prism       Conj/Hex       6%         3d7       47%         4
c - Dispel Undead         Necr           13%        3d9       47%         4

Your spell library contained the following spells:

 Spells                   Type           Power      Damage    Failure   Level
 Magic Dart               Conj           52%        1d5       5%          1
 Slow                     Hex            52%        N/A       5%          1
 Static Discharge         Conj/Air       13%        N/A       9%          2
 Confusing Touch          Hex            13%        N/A       16%         3
 Gell's Gravitas          Tloc           13%        N/A       16%         3
 Teleport Other           Tloc           13%        N/A       16%         3
 Vampiric Draining        Necr           13%        2d6       16%         3
 Sticky Flame             Conj/Fire      20%        2d4       47%         4
 Dispersal                Tloc           6%         N/A       100%        6


Dungeon Overview and Level Annotations

Branches:
Dungeon (7/15)
 Temple: D:4-7

Altars:
Dithmenos
Fedhas
Sif Muna
Yredelemnul

Shops:
D:5 [

Annotations:
D:3 1 runed translucent door, siradein's ghost, amateur OgBe


Innate Abilities, Weirdness & Mutations

You have very sharp teeth.
Your uncanny sense of smell can sniff out nearby items.
Your experience applies equally to all skills.


Message History

You feel sick. The killer bee stings you. The killer bee misses you.
The killer bee barely misses you. The killer bee stings you.
You miss the killer bee. Your bite misses the killer bee.
You feel sick. The killer bee stings you.
The killer bee completely misses you. x2
The killer bee stings you! The killer bee closely misses you.
The killer bee barely misses you.
You barely miss the killer bee.
You feel sick. The killer bee barely misses you. The killer bee stings you!
The killer bee closely misses you. The killer bee stings you.
The bullfrog closely misses you.
You are too injured to fight recklessly!
You are too injured to fight recklessly!
You are too injured to fight recklessly!
Unknown command.
You are too injured to fight recklessly!
The +7 trident of War {freeze, *Rage rCorr Str+3} stops glowing.
a - the +3 woodcutter's axe (weapon)
{vorpal} You feel sick.
The killer bee misses you. x2
You closely miss the killer bee. You barely miss the bullfrog.
You closely miss the killer bee.
You feel sick. The bullfrog completely misses you.
The killer bee closely misses you. The killer bee misses you.
A bullfrog comes into view.
The bullfrog hits you.
* * * LOW HITPOINT WARNING * * *
The killer bee stings you.
* * * LOW HITPOINT WARNING * * *
The killer bee closely misses you.
Okay, then.
As you read the scroll of teleportation, it crumbles to dust.
You feel strangely unstable.
You feel sick.
You are no longer poisoned.
The killer bee stings you.
* * * LOW HITPOINT WARNING * * *
The killer bee stings you!
* * * LOW HITPOINT WARNING * * *
You are lethally poisoned!
The killer bee poisons you! The bullfrog completely misses you.
The killer bee stings you!
You die...

# #. ##. #.#. F.
###.#.###<.
......?...
.........#
.......# #.yyF#
#@.# #..#..
#..#.# #..#.#
##.##.####
######........#.
...#............
#..
#...#.........#
#..#
#......))....##


You could see 2 bullfrogs and 2 killer bees.

Vanquished Creatures
  Sigmund (D:4)
  A wraith (D:6)
  A wyvern (D:7)
  A steam dragon (D:7)
  A water moccasin (D:4)
  A sky beast (D:6)
  An ice beast (D:6)
  A black bear (D:6)
  3 ogres
  A bullfrog (D:6)
  A gnoll sergeant (D:6)
  2 scorpions
  A killer bee (D:7)
  A howler monkey (D:5)
  2 jellies (D:6)
  5 hounds
  2 orc priests (D:6)
  Ijyb (D:3)
  2 iguanas (D:6)
  3 orc wizards
  17 gnolls
  9 adders
  An ufetubus (D:4)
  3 worms
  A dart slug (D:4)
  27 orcs
  8 ball pythons
  5 endoplasms
  5 giant cockroaches
  5 goblins
  6 hobgoblins
  3 jackals (D:2)
  2 quokkas (D:1)
  4 bats (D:1)
  5 frilled lizards
  3 kobolds
  7 rats
143 creatures vanquished.

Vanquished Creatures (others)
  3 plants (D:7)
  2 withered plants (D:3)
5 creatures vanquished.

Grand Total: 148 creatures vanquished

Notes
Turn   | Place    | Note
-------+----------+-------------------------------------------
     0 | D:5      | Reached skill level 9 in Stealth
     0 | D:5      | croobank the Gnoll Delver began the quest for the Orb.
     0 | D:5      | Reached XP level 1. HP: 23/23 MP: 1/1
     8 | D:4      | Noticed Sigmund
    19 | D:4      | Noticed an orc wizard
   325 | D:3      | Noticed an orc wizard
   366 | D:3      | Reached XP level 2. HP: 29/29 MP: 2/2
   421 | D:3      | Noticed Ijyb
   702 | D:2      | Found a blossoming altar of Fedhas.
   751 | D:2      | Found a faded altar of an unknown god.
   925 | D:1      | Reached XP level 3. HP: 35/35 MP: 3/3
  1487 | D:2      | Reached skill level 1 in Invocations
  1494 | D:2      | Reached skill level 1 in Short Blades
  1494 | D:2      | Reached skill level 1 in Long Blades
  1494 | D:2      | Reached skill level 1 in Maces & Flails
  1494 | D:2      | Reached skill level 1 in Polearms
  1494 | D:2      | Reached skill level 1 in Staves
  1494 | D:2      | Reached skill level 1 in Slings
  1494 | D:2      | Reached skill level 1 in Bows
  1494 | D:2      | Reached skill level 1 in Crossbows
  1494 | D:2      | Reached skill level 1 in Throwing
  1494 | D:2      | Reached skill level 1 in Armour
  1494 | D:2      | Reached skill level 1 in Shields
  1494 | D:2      | Reached skill level 1 in Unarmed Combat
  1494 | D:2      | Reached skill level 1 in Spellcasting
  1494 | D:2      | Reached skill level 1 in Evocations
  1503 | D:2      | Reached XP level 4. HP: 10/41 MP: 5/5
  2010 | D:2      | Learned a level 2 spell: Searing Ray
  2072 | D:2      | Reached skill level 1 in Conjurations
  2072 | D:2      | Reached skill level 1 in Hexes
  2072 | D:2      | Reached skill level 1 in Summonings
  2072 | D:2      | Reached skill level 1 in Necromancy
  2072 | D:2      | Reached skill level 1 in Translocations
  2072 | D:2      | Reached skill level 1 in Transmutations
  2072 | D:2      | Reached skill level 1 in Fire Magic
  2072 | D:2      | Reached skill level 1 in Ice Magic
  2072 | D:2      | Reached skill level 1 in Air Magic
  2072 | D:2      | Reached skill level 1 in Earth Magic
  2072 | D:2      | Reached skill level 1 in Poison Magic
  2355 | D:2      | Identified the ring of Bahou {Ice rElec Will++ rCorr
                  | Stlth-}
  2472 | D:2      | Noticed a gnoll sergeant
  2484 | D:2      | Reached XP level 5. HP: 23/47 MP: 6/6
  2531 | D:2      | HP: 2/47 [gnoll sergeant/+0 spear (6)]
  2882 | D:2      | Found the +3 woodcutter's axe {vorpal}
  3184 | D:3      | Killed Ijyb
  3382 | D:3      | Reached XP level 6. HP: 53/53 MP: 8/8
  3657 | D:3      | Found a runed translucent door.
  3660 | D:3      | Noticed siradein's ghost (amateur OgBe)
  4004 | D:4      | Reached skill level 5 in Axes
  4004 | D:4      | Reached skill level 5 in Dodging
  4038 | D:4      | Noticed a water moccasin
  4043 | D:4      | Killed a water moccasin
  4169 | D:4      | Killed Sigmund
  4170 | D:4      | Reached XP level 7. HP: 30/60 MP: 10/10
  4579 | D:4      | Identified the +10 spear of the Summoning Ass {drain, rF+
                  | Dex+2}
  4978 | D:5      | Reached skill level 10 in Stealth
  4993 | D:5      | Reached XP level 8. HP: 34/67 MP: 12/12
  5204 | D:5      | Learned a level 4 spell: Fulminant Prism
  5478 | D:5      | Identified the +7 trident of War {freeze, *Rage rCorr
                  | Str+3}
  5534 | D:5      | Found Notsila's Armour Shop.
  6078 | D:6      | Noticed a wraith
  6086 | D:6      | Killed a wraith
  6197 | D:6      | Found a shimmering blue altar of Sif Muna.
  6198 | D:6      | Found a shadowy altar of Dithmenos.
  6198 | D:6      | Found a basalt altar of Yredelemnul.
  6220 | D:6      | Reached XP level 9. HP: 33/73 MP: 14/14
  6602 | D:6      | Learned a level 4 spell: Dispel Undead
  7148 | D:7      | HP: 3/74 [killer bee (8)]
  7148 | D:7      | Slain by a killer bee

Illustrated notes

Levels and vault maps discovered:
D:1:      onia_arrival_mini_maze_b, layout_basic
D:2:      layout_loops_corners, nicolae_ecumenical_oubliette, basic_altar,
          pf_guarded_unrand_woodcutter
D:3:      layout_loops_ring, gammafunk_ghost_grave, nrook_loot_triangle,
          uniq_ijyb
D:4:      layout_basic, uniq_sigmund
D:5:      layout_rooms, serial_shops,
          nicolae_shop_temple_entry_statues_fountains,
          minmay_misc_feat_nine_boxes, chequers_jeans
D:6:      layout_basic, grunt_temple_overflow_open
D:7:      layout_rooms, minmay_temple_entry_gardened_gates

Skill      XL: |  1  2  3  4  5  6  7  8  9 |
---------------+----------------------------+-----
Stealth        | 10 | 10.5
Invocations    | 1 2 3 4 |  4.6
Short Blades   | 1 2 3 4 |  4.2
Long Blades    | 1 2 3 4 |  4.2
Maces & Flails | 1 2 3 4 |  4.2
Polearms       | 1 2 3 4 |  4.2
Staves         | 1 2 3 4 |  4.2
Slings         | 1 2 3 4 |  4.2
Bows           | 1 2 3 4 |  4.2
Crossbows      | 1 2 3 4 |  4.2
Throwing       | 1 2 3 4 |  4.2
Armour         | 1 2 3 4 |  4.2
Shields        | 1 2 3 4 |  4.2
Unarmed Combat | 1 2 3 4 |  4.2
Spellcasting   | 1 2 3 4 |  4.2
Evocations     | 1 2 3 4 |  4.2
Conjurations   | 1 2 3 |  3.4
Hexes          | 1 2 3 |  3.4
Summonings     | 1 2 3 |  3.4
Necromancy     | 1 2 3 |  3.4
Translocations | 1 2 3 |  3.4
Transmutations | 1 2 3 |  3.4
Fire Magic     | 1 2 3 |  3.4
Ice Magic      | 1 2 3 |  3.4
Air Magic      | 1 2 3 |  3.4
Earth Magic    | 1 2 3 |  3.4
Poison Magic   | 1 2 3 |  3.4
Axes           | 5 6 |  6.3
Dodging        | 5 6 |  6.3
Fighting       | 7 |  7.9

Action                   |  1- 3 |  4- 6 |  7- 9 || total
-------------------------+-------+-------+-------++-------
Melee: Hand axe          |    20 |       |       ||    20
       Dagger            |    32 |       |       ||    32
       Bite              |     9 |     5 |    13 ||    27
       Spear             |    35 |    35 |       ||    70
       Halberd           |       |    20 |       ||    20
       Battleaxe         |       |    58 |    47 ||   105
       Trident           |       |       |    73 ||    73
 Fire: Hunting sling     |       |     6 |       ||     6
Evoke: Wand              |     1 |     2 |     1 ||     4
  Use: Scroll            |     2 |     2 |    11 ||    15
       Potion            |     3 |     2 |     1 ||     6
 Stab: Sleeping          |    12 |    14 |    20 ||    46
       Distracted        |       |     3 |     2 ||     5
Armor: Leather armour    |    24 |    10 |     8 ||    42
       Skin              |     3 |     7 |       ||    10
Dodge: Dodged            |    60 |    46 |    70 ||   176

Table legend: (Time is in decaauts)
 A = Elapsed time spent in this place.
 B = Non-inter-level travel time spent in this place.
 C = Inter-level travel time spent in this place.
 D = Time resting spent in this place.
 E = Time spent auto-exploring this place.
 F = Levels seen in this place.
 G = Mean time per level.
                   A        B        C        D        E       F      G
               +--------+--------+--------+--------+--------+-----+--------+
         Total |   7236 |   7086 |    150 |   1069 |   4651 |   7 | 1033.7 |
       Dungeon |   7236 |   7086 |    150 |   1069 |   4651 |   7 | 1033.7 |
               +--------+--------+--------+--------+--------+-----+--------+

Top non-repeatable levels by time:
     D:2: 1823 daAuts
     D:6: 1339 daAuts
     D:3: 1246 daAuts
     D:4: 1162 daAuts
     D:5: 763 daAuts
     D:1: 730 daAuts
     D:7: 170 daAuts
